 Dungeon Crawl Stone Soup version 0.23-a0-607-g760965b7 (webtiles) character file.

34 zishaf the Chopper (level 3, -2/33 HPs)
             Began as a Hill Orc Monk on Dec 20, 2018.
             Slain by Terence
             ... wielding a +0 morningstar of draining
              (3 damage)
             ... on level 2 of the Dungeon.
             The game lasted 00:01:41 (1352 turns).

zishaf the Chopper (Hill Orc Monk)                  Turns: 1352, Time: 00:01:41

Health: -2/33      AC:  4    Str: 14    XL:     3   Next: 31%
Magic:  3/3        EV: 11    Int: 10    God:
Gold:   53         SH:  3    Dex: 13    Spells: 2/2 levels left

rFire    . . .     SeeInvis .   a - +0 hand axe
rCold    . . .     Gourm    .   (no shield)
rNeg     . . .     Faith    .   i - +0 leather armour
rPois    .         Spirit   .   (no helmet)
rElec    .         Reflect  +   (no cloak)
rCorr    .         Harm     .   j - +0 pair of gloves
MR       .....                  (no boots)
Stlth    +.........             g - +3 amulet of reflection
HPRegen  0.11/turn              (no ring)
MPRegen  0.08/turn              (no ring)

@: heavily drained
A: no striking features
a: no special abilities


You were on level 2 of the Dungeon.
You were not hungry.

You visited 1 branch of the dungeon, and saw 2 of its levels.

You collected 53 gold pieces.

Inventory:

Hand Weapons
 a - a +0 hand axe (weapon)
Missiles
 e - 93 stones (quivered)
Armour
 i - a +0 leather armour (worn)
 j - a +0 pair of gloves (worn)
Jewellery
 g - a +3 amulet of reflection (around neck)
Scrolls
 b - a scroll of enchant armour {unknown}
 h - 3 scrolls of identify {unknown}
 k - a scroll of enchant weapon {unknown}
 m - a scroll of blinking {unknown}
Potions
 f - a potion of invisibility {unknown}
 l - a potion of might {unknown}
Comestibles
 c - 2 rations
 d - 5 chunks of flesh


   Skills:
 + Level 4.1(1.6) Fighting
 + Level 4.5(2.0) Axes
 + Level 1.3(0.0) Armour
 + Level 2.7(0.3) Dodging
 - Level 1.5(0.0) Stealth


You had 2 spell levels left.
You didn't know any spells.
Your spell library was empty.

Dungeon Overview and Level Annotations

Branches:
Dungeon (2/15)

Altars:
Fedhas

Annotations:
D:2 exclusion: oklob plant, Terence


Message History

* * * LOW HITPOINT WARNING * * *
You hit the worm.
You kill the worm!
You hit Terence. Terence closely misses you.
You barely miss Terence.
Terence is almost dead.
Terence hits you with a +0 morningstar of draining.
* * * LOW HITPOINT WARNING * * *
You feel drained.
* * * LOW HITPOINT WARNING * * *
You hit Terence but do no damage.
Terence is almost dead.
Terence hits you but does no damage.
You feel drained.
You closely miss Terence.
Terence is almost dead.
You block Terence's attack.
You barely miss Terence.
Terence is almost dead.
Terence hits you with a +0 morningstar of draining.
You die...

####............ +..
#............... #..
#............... #...
#.......##'##'#. #...
#.......##.##.#. #....
##########.##.#.
#....##### #.##.##
#....@...# #.##.#
#.....@..# #.##.#
#........########.##.#
+.................##.#
#...........########'##
#...............##.....
##########......##....#
#......##....#
##......##....#
#..<....##....#


You could see Terence.

Vanquished Creatures
  A worm (D:2)
  A dart slug (D:1)
  2 leopard geckos (D:2)
  2 ball pythons
  2 giant cockroaches
  3 goblins (D:1)
  3 hobgoblins (D:1)
  2 bats (D:1)
  4 frilled lizards
  5 kobolds
  2 rats
27 creatures vanquished.

Notes
Turn   | Place    | Note
-------+----------+-------------------------------------------
     0 | D:1      | zishaf the Hill Orc Monk began the quest for the Orb.
     0 | D:1      | Reached XP level 1. HP: 19/19 MP: 1/1
   235 | D:1      | Reached XP level 2. HP: 23/27 MP: 2/2
   633 | D:1      | Reached skill level 1 in Armour
  1162 | D:2      | Found a blossoming altar of Fedhas.
  1177 | D:2      | Noticed an oklob plant
  1265 | D:2      | Reached XP level 3. HP: 33/33 MP: 3/3
  1326 | D:2      | Noticed Terence
  1349 | D:2      | HP: 1/33 [Terence/+0 morningstar of draining (1)]
  1352 | D:2      | Slain by Terence

Vault maps used:
D:1:      minmay_arrival_shattered_statue
D:2:      tgw_fedhas, uniq_terence, uniq_robin

Skill      XL: |  1  2 |
---------------+-------+-----
Armour         | 1 |  1.3
Fighting       | 4 |  4.1
Axes           | |  4.5
Dodging        | |  2.7
Stealth        | |  1.5

Action                   || total
-------------------------++-------
Melee: Hand axe          ||    86
 Stab: Sleeping          ||     6
       Distracted        ||     1
  Eat: Chunk             ||     1
Armor: Robe              ||     2
       Leather armour    ||    15
Dodge: Dodged            ||    47
Block: Other             ||     9

Table legend:
 A = Non-vault XP
 B = Vault XP
 C = Vault XP percentage of total XP
 D = Non-vault monster count
 E = Vault monster count
 F = Vault count percentage of total count
                 A         B        C        D         E       F
            +---------+---------+-------+---------+---------+-------
      Total |      49 |       0 |   0.0 |      27 |       0 |   0.0
            +---------+---------+-------+---------+---------+-------
        D:1 |      29 |       0 |   0.0 |      17 |       0 |   0.0
        D:2 |      20 |       0 |   0.0 |      10 |       0 |   0.0
            +---------+---------+-------+---------+---------+-------
